 Dungeon Crawl Stone Soup version 0.30.2 (webtiles) character file.

Game seed: 13293914109467481360

107 porpoise the Shooter (level 5, -5/40 HPs)
             Began as a Human Hunter on Jan 25, 2024.
             Slain by a gnoll
             ... wielding a +0 halberd
              (7 damage)
             ... on level 2 of the Dungeon.
             The game lasted 00:04:51 (1337 turns).

porpoise the Shooter (Human Hunter)                 Turns: 1337, Time: 00:04:51

Health: -5/40      AC:  3    Str: 18    XL:     5   Next: 11%
Magic:  5/5        EV: 12    Int:  9    God:
Gold:   159        SH:  0    Dex: 18    Spells: 4/4 levels left

rFire   + . .        a - +1 shortbow
rCold   . . .        (shield currently unavailable)
rNeg    . . .        c - +0 leather armour
rPois   .            (no helmet)
rElec   .            (no cloak)
rCorr   .            (no gloves)
SInv    .            (no boots)
Will    ++...        (no amulet)
Stlth   ++           e - ring "Wot Fewaxuk" {rF+ Will++ Str+6}
HPRegen 0.26/turn    (no ring)
MPRegen 0.09/turn

%: no passive effects
@: lethally poisoned (-5 -> -7)
A: no striking features
a: no special abilities


You were on level 2 of the Dungeon.
You visited 1 branch of the dungeon, and saw 4 of its levels.

You collected 159 gold pieces.

Inventory:

Hand Weapons
 a - a +1 shortbow (weapon)
 d - a +0 spear
Missiles
 p - 4 poisoned darts
Armour
 c - a +0 leather armour (worn)
 j - a +0 ring mail
Jewellery
 e - the ring "Wot Fewaxuk" (left hand) {rF+ Will++ Str+6}
   (You acquired it on level 4 of the Dungeon)

   [ring of strength]

   Str:       It affects your strength (+6).
   rF:        It protects you from fire.
   Will:      It greatly increases your willpower.
 i - a ring of protection from fire
 k - an amulet of guardian spirit
Scrolls
 b - a scroll of immolation
 f - a scroll of fog
 l - a scroll of noise
Potions
 g - 3 potions of lignification
 h - a potion of cancellation {unknown}
 m - a potion of curing {unknown}
 q - a potion of brilliance {unknown}
 r - 2 potions of might


   Skills:
 + Level 2.9 Fighting
 * Level 5.1 Ranged Weapons
 - Level 2.0 Dodging
 + Level 2.4 Stealth


You had 4 spell levels left.
You didn't know any spells.
Your spell library contained the following spells:

 Spells                   Type           Power      Damage    Failure   Level
 Magic Dart               Conj           0%         1d3       43%         1
 Searing Ray              Conj           0%         2d4       58%         2
 Summon Guardian Golem    Hex/Summ       0%         N/A       82%         3
 Fulminant Prism          Conj/Hex       0%         3d5       99%         4
 Orb of Destruction       Conj           0%         9d5       100%        7
 Spellforged Servitor     Conj/Summ      0%         N/A       100%        7


Dungeon Overview and Level Annotations

Branches:
Dungeon (4/15)
 Temple: D:4-7

Altars:
Yredelemnul

Shops:
D:1 (

Annotations:
D:3 1 runed translucent door


Message History

You shoot an arrow.
The arrow hits the gnoll but does no damage.
The gnoll closely misses you.
You shoot an arrow. The arrow hits the gnoll!
The gnoll is heavily wounded.
The gnoll closely misses you. The gnoll hits you with a +0 whip.
You shoot an arrow. The arrow hits the gnoll!
You kill the gnoll!
The adder bites you.
You are poisoned.
The adder poisons you!
You have reached level 5!
You shoot an arrow. The arrow hits the adder.
The adder is heavily wounded.
You feel sick. The adder bites you. The adder closely misses you.
You shoot an arrow. The arrow barely misses the adder.
The arrow hits the gnoll.
The gnoll is moderately wounded.
You feel sick. The adder barely misses you.
You shoot an arrow.
The arrow hits the adder but does no damage.
The adder is heavily wounded.
You feel sick. The adder misses you. The adder bites you.
You are more poisoned.
The adder poisons you!
You shoot an arrow. The arrow hits the adder!
You kill the adder!
You feel sick.
You shoot an arrow.
The arrow hits the gnoll but does no damage.
The gnoll is moderately wounded.
You feel sick. The gnoll completely misses you.
The gnoll hits you from afar with a +0 halberd!
* * * LOW HITPOINT WARNING * * *
You shoot an arrow. The arrow hits the gnoll!
The gnoll is almost dead.
* * * LOW HITPOINT WARNING * * *
You feel sick. The gnoll closely misses you.
The gnoll hits you from afar with a +0 halberd!
You die...

#### ...# .... !..# .....
... #.... #.....
##########.# #.... #.....
#...@gg....# #.[..
#.....######.##########
#.... #.....#......###
.#....
....................
......
#####...############
.#(..... ##..### ..# #...
##...# .... ####
#......#.##### #..#. #
#.####.#.)...########..#..
#


You could see 2 gnolls.

Vanquished Creatures
  2 gnolls (D:2)
  6 adders
  A worm (D:2)
  3 bats
  5 endoplasms
  A giant cockroach (D:1)
  3 goblins (D:1)
  4 kobolds
  A quokka (D:1)
  2 ball pythons
  A frilled lizard (D:1)
  A goblin skeleton (D:3)
  5 rats
35 creatures vanquished.

Notes
Turn   | Place    | Note
-------+----------+-------------------------------------------
     0 | D:1      | porpoise the Human Hunter began the quest for the Orb.
     0 | D:1      | Reached XP level 1. HP: 16/16 MP: 1/1
   159 | D:1      | Found Saprotul's Antique Weapon Shoppe.
   222 | D:1      | Reached XP level 2. HP: 22/22 MP: 2/2
   433 | D:1      | Found a faded altar of an unknown god.
   799 | D:2      | Reached XP level 3. HP: 28/28 MP: 3/3
  1110 | D:2      | Reached XP level 4. HP: 33/34 MP: 4/4
  1129 | D:2      | You fall into a shaft and drop 2 floors!
  1135 | D:4      | Identified a scroll of acquirement
  1135 | D:4      | Acquired the ring "Wot Fewaxuk" {rF+ Will++ Str+6}
  1147 | D:3      | Noticed a human
  1147 | D:3      | Found a runed translucent door.
  1151 | D:3      | Found a basalt altar of Yredelemnul.
  1208 | D:3      | Noticed an orc warrior
  1328 | D:2      | Reached skill level 5 in Ranged Weapons
  1332 | D:2      | Reached XP level 5. HP: 23/40 MP: 5/5
  1337 | D:2      | HP: 2/40 [poisoned by an adder]
  1337 | D:2      | Slain by a gnoll

Illustrated notes

Levels and vault maps discovered:
D:1:      spicycebolla_arrival_clurvy, layout_basic, serial_shops,
          nicolae_shop_trees, basic_ecumenical_altar
D:2:      layout_basic, basic_altar, uniq_crazy_yiuf_cottage
D:3:      layout_basic, dk_yredelemnul_ordeal, minmay_unequal
D:4:      layout_basic, serial_bayou_pond_a, kennysheep_generic_room_10,
          uniq_natasha

Skill      XL: |  1  2  3  4 |
---------------+-------------+-----
Stealth        | 2 |  2.4
Ranged Weapons | 5 |  5.1
Fighting       | |  2.9
Dodging        | |  2.0

Action                     |  1- 3 |  4- 6 || total
---------------------------+-------+-------++-------
   Fire: Shortbow          |    59 |    32 ||    91
    Use: Scroll            |       |     9 ||     9
  Dodge: Dodged            |    14 |    14 ||    28
